 Dungeon Crawl Stone Soup version 0.28.0-43-g3370ac3207 (webtiles) character file.

Game seed: 5369021882514185134

178 smarlow the Conjurer (level 5, 0/41 HPs)
             Began as a Demigod Conjurer on Mar 2, 2022.
             Splashed by a jelly's acid (8 damage)
             ... on level 3 of the Dungeon.
             The game lasted 00:05:01 (3887 turns).

smarlow the Conjurer (Demigod Conjurer)             Turns: 3887, Time: 00:05:01

Health: 0/41       AC: -14   Str:  8    XL:     5   Next: 10%
Magic:  9/11       EV: 12    Int: 24    God:
Gold:   120        SH:  0    Dex: 12    Spells: 4/9 levels left

rFire   . . .      SeeInvis .   c - staff of conjuration
rCold   . . .      Faith    .   (no shield)
rNeg    . . .      Spirit   .   a - +0 robe
rPois   .          Reflect  .   (no helmet)
rElec   .          Harm     .   (no cloak)
rCorr   .          Rampage  .   (no gloves)
Will    .....                   (no boots)
Stlth   ++........              (no amulet)
HPRegen 0.13/turn               (no ring)
MPRegen 0.12/turn               (no ring)

@: corroded
A: high MP 1, forlorn, divine attributes
a: no special abilities


You were on level 3 of the Dungeon.
You visited 1 branch of the dungeon, and saw 3 of its levels.

You collected 120 gold pieces.

Inventory:

Armour
 a - a +0 robe (worn)
Magical Staves
 c - a staff of conjuration (weapon)
Scrolls
 b - a scroll of magic mapping
 d - 3 scrolls of teleportation
 e - 2 scrolls of amnesia {unknown}
 g - 6 scrolls of identify {unknown}
 h - a scroll of vulnerability {unknown}
 i - a scroll of enchant weapon {unknown}
 k - a scroll of fog {unknown}
 m - 2 scrolls of brand weapon {unknown}
Potions
 f - a potion of mutation {unknown}
 j - a potion of brilliance {unknown}
 l - a potion of berserk rage {unknown}
 n - a potion of heal wounds {unknown}


   Skills:
 + Level 1.9 Fighting
 + Level 1.1 Staves
 + Level 2.4 Dodging
 + Level 2.5 Stealth
 * Level 2.5 Spellcasting
 * Level 4.2 Conjurations
 * Level 0.3 Translocations


You had 4 spell levels left.
You knew the following spells:

 Your Spells              Type           Power      Damage    Failure   Level
a - Magic Dart            Conj           100%       1d8       1%          1
b - Iskenderun's Mystic   Conj/Tloc      20%        2d6       41%         4

Your spell library contained the following spells:

 Spells                   Type           Power      Damage    Failure   Level
 Searing Ray              Conj           68%        2d6       3%          2
 Dazzling Flash           Conj/Hex       38%        N/A       14%         3
 Fulminant Prism          Conj/Hex       9%         3d7       43%         4


Dungeon Overview and Level Annotations

Branches:
Dungeon (3/15)


Innate Abilities, Weirdness & Mutations

You have an increased reservoir of magic. (+10% MP)
You shall have no god before yourself.
Your divine heritage dramatically boosts your attributes as you level up.


Message History

You can't see any susceptible monsters within range! (Use Z to cast anyway.)
You can't see any susceptible monsters within range! (Use Z to cast anyway.) 8 endoplasms come into view.
Found two goblin skeletons, a hobgoblin skeleton and a ring mail.
The endoplasm quivers. x2
There is an open door here.
You feel a surge of power!
The magic dart hits the jelly.
The jelly is lightly wounded.
The jelly hits you. The acid corrodes you!
You are splashed with acid!
You feel a surge of power!
The magic dart hits the jelly!
The jelly is severely wounded.
The endoplasm quivers.
The jelly quivers.
The jelly hits you. The acid corrodes you!
You are splashed with acid!
Something hits the fungus.
The fungus begins to die.
Things that are here:
a +0 dagger; a kobold corpse
Aiming: Magic Dart (safe; 1% risk of failure)
Press: ? - help, Q - select action Shift-Dir - straight line, f/p - jelly
Aim: a jelly (severely wounded, 100% to hit)
You feel a surge of power!
The magic dart hits the jelly.
The jelly is almost dead.
The jelly hits you. The acid corrodes you!
You are splashed with acid!
* * * LOW HITPOINT WARNING * * *
Aiming: Magic Dart (safe; 1% risk of failure)
Press: ? - help, Q - select action Shift-Dir - straight line, f/p - jelly
Aim: a jelly (almost dead, 100% to hit)
You feel a surge of power!
The magic dart hits the jelly!
You kill the jelly!
You have reached level 5!
There is an open door here.
You close the door.
You hear a slurping noise.
The jelly eats the door!
There is an open gate here.
You see here a +0 whip.
You see here a +0 club.
The jelly hits you.
* * * LOW HITPOINT WARNING * * *
The acid corrodes you!
You are splashed with acid!
You die...

### ############ #.#######
##..........##
.#J#.(..#####............##
.#.#.....##...............#
J#.#....)))...............#
J#........)J..............#
J#......).'..J............#
J#.......##...JJ..........#
##......#####...@........##
######### ##......†)..##
**##* ###...###### ####,#.*
#.### .....#.* ######.#
.....#.* #.....<# ,,.....*
#.###### ....#..####.#
....#......(#


You could see a jelly and 3 endoplasms.

Vanquished Creatures
  A jelly (D:3)
  2 gnolls (D:3)
  3 adders
  4 worms (D:2)
  2 dart slugs (D:2)
  9 ball pythons
  6 bats
  7 endoplasms
  2 giant cockroaches
  6 goblins
  6 hobgoblins
  8 jackals
  3 quokkas
  2 frilled lizards
  14 kobolds
  5 rats
80 creatures vanquished.

Vanquished Creatures (others)
  2 fungi (D:3)
  11 toadstools (D:3)
13 creatures vanquished.

Grand Total: 93 creatures vanquished

Notes
Turn   | Place    | Note
-------+----------+-------------------------------------------
     0 | D:1      | smarlow the Demigod Conjurer began the quest for the Orb.
     0 | D:1      | Reached XP level 1. HP: 14/14 MP: 5/5
   367 | D:1      | Reached XP level 2. HP: 19/22 MP: 2/7
  1338 | D:2      | Reached XP level 3. HP: 27/27 MP: 4/8
  1410 | D:2      | Reached skill level 1 in Fighting
  1764 | D:2      | Reached skill level 4 in Conjurations
  1948 | D:2      | Found Huinil's Distillery.
  2123 | D:2      | Reached XP level 4. HP: 35/35 MP: 7/10
  2984 | D:3      | Reached skill level 1 in Staves
  3299 | D:3      | Learned a level 4 spell: Iskenderun's Mystic Blast
  3323 | D:3      | Noticed a phantom
  3865 | D:3      | Reached XP level 5. HP: 6/41 MP: 7/11
  3887 | D:3      | Splashed by a jelly's acid

Illustrated notes

Levels and vault maps discovered:
D:1:      lightli_arrival_lavapool, layout_loops_ring
D:2:      layout_basic, nicolae_ecumenical_snake_handling, serial_shops, shop,
          basic_altar, kennysheep_generic_room_16
D:3:      cheibrodos_fertilizer, layout_rooms

Skill      XL: |  1  2  3  4 |
---------------+-------------+-----
Stealth        | 2 |  2.5
Dodging        | 2 |  2.4
Spellcasting   | 2 |  2.5
Fighting       | 1 |  1.9
Conjurations   | 4 |  4.2
Staves         | 1 |  1.1
Translocations | |  0.3

Action                   |  1- 3 |  4- 6 || total
-------------------------+-------+-------++-------
Melee: Staff             |     5 |     2 ||     7
 Cast: Magic Dart        |    98 |    88 ||   186
       Iskenderun's Myst |       |     1 ||     1
  Use: Scroll            |       |     2 ||     2
Armor: Robe              |     4 |     1 ||     5
Dodge: Dodged            |    19 |    14 ||    33
